 Dungeon Crawl Stone Soup version 0.27.1-2-g3b301248ec (webtiles) character file.

Game seed: 13661680960807355559

1099 Rickety the Stinger (level 8, -8/58 HPs)
             Began as a Gnoll Venom Mage on Sept 23, 2021.
             Mangled by Duvessa (14 damage)
             ... on level 5 of the Dungeon.
             The game lasted 00:15:11 (6158 turns).

Rickety the Stinger (Gnoll Venom Mage)              Turns: 6158, Time: 00:15:12

Health: -8/58      AC:  3    Str:  9    XL:     8   Next: 32%
Magic:  5/17       EV: 18    Int: 16    God:
Gold:   224        SH:  0    Dex: 12    Spells: 7/19 levels left

rFire    . . .     SeeInvis .   a - +0 dagger
rCold    . . .     Faith    .   (no shield)
rNeg     . . .     Spirit   .   m - +0 robe
rPois    +         Reflect  .   (no helmet)
rElec    .         Harm     .   (no cloak)
rCorr    .         Rampage  .   s - +0 pair of gloves
Will     .....                  (no boots)
Stlth    +++.......             (no amulet)
HPRegen  0.19/turn              g - +4 ring of evasion
MPRegen  0.15/turn              h - ring of poison resistance

@: hasted, very quick
A: fangs 1, strong nose, distributed training
a: no special abilities


You were on level 5 of the Dungeon.
You visited 1 branch of the dungeon, and saw 5 of its levels.

You collected 224 gold pieces.

Inventory:

Hand Weapons
 a - a +0 dagger (weapon)
 b - a +0 flail
Missiles
 j - 9 poisoned darts
Armour
 m - a +0 robe (worn)
 s - a +0 pair of gloves (worn)
Jewellery
 g - a +4 ring of evasion (left hand)
 h - a ring of poison resistance (right hand)
 o - a ring of protection from fire
 w - a +4 ring of protection
Wands
 n - a wand of paralysis (7)
Scrolls
 c - 4 scrolls of identify {unknown}
 e - 3 scrolls of noise {unknown}
 i - a scroll of acquirement {unknown}
 k - a scroll of silence {unknown}
 p - a scroll of vulnerability {unknown}
 q - a scroll of magic mapping {unknown}
 r - a scroll of enchant weapon {unknown}
 u - a scroll of holy word {unknown}
Potions
 d - a potion of might
 f - a potion of flight {unknown}
 l - a potion of haste
 t - a potion of degeneration {unknown}
 v - a potion of ambrosia {unknown}


   Skills:
 + Level 3.1 Fighting
 + Level 3.1 Short Blades
 + Level 3.1 Long Blades
 + Level 3.1 Axes
 + Level 3.1 Maces & Flails
 + Level 3.1 Polearms
 + Level 3.1 Staves
 + Level 3.1 Slings
 + Level 3.1 Bows
 + Level 3.1 Crossbows
 + Level 3.1 Throwing
 + Level 3.1 Armour
 + Level 5.6 Dodging
 + Level 5.3 Stealth
 + Level 3.1 Shields
 + Level 3.1 Unarmed Combat
 + Level 6.0 Spellcasting
 + Level 2.5 Conjurations
 + Level 2.5 Hexes
 + Level 2.5 Summonings
 + Level 2.5 Necromancy
 + Level 2.5 Translocations
 + Level 3.4 Transmutations
 + Level 2.5 Fire Magic
 + Level 2.5 Ice Magic
 + Level 2.5 Air Magic
 + Level 2.5 Earth Magic
 + Level 6.1 Poison Magic
 + Level 3.5 Invocations
 + Level 3.1 Evocations


You had 7 spell levels left.
You knew the following spells:

 Your Spells              Type           Power      Damage    Failure   Level
a - Sting                 Tmut/Pois      80%        1d7       1%          1
e - Ensorcelled Hibernat  Hex/Ice        26%        N/A       8%          2
m - Mephitic Cloud        Conj/Pois/Air  16%        N/A       9%          3
v - Poisonous Vapours     Pois/Air       36%        N/A       3%          2
x - Olgreb's Toxic Radia  Pois           24%        N/A       11%         4

Your spell library contained the following spells:

 Spells                   Type           Power      Damage    Failure   Level
 Freeze                   Ice            52%        1d7       4%          1
 Magic Dart               Conj           52%        1d5       4%          1
 Spider Form              Tmut/Pois      10%        N/A       6%          3
 Call Imp                 Summ           13%        N/A       8%          2
 Frozen Ramparts          Ice            26%        1d4       14%         3
 Animate Armour           Summ/Erth      26%        N/A       43%         4
 Hailstorm                Conj/Ice       13%        3d5       43%         4
 Blade Hands              Tmut           7%         N/A       67%         5
 Iron Shot                Conj/Erth      6%         9d2       100%        6
 Shadow Creatures         Summ           N/A        N/A       100%        6


Dungeon Overview and Level Annotations

Branches:
Dungeon (5/15)
 Temple: D:4-7

Altars:
Elyvilon
Gozag
Vehumet

Shops:
D:1 *[

Annotations:
D:5 Duvessa


Innate Abilities, Weirdness & Mutations

You have very sharp teeth.
Your uncanny sense of smell can sniff out nearby items.
Your experience applies equally to all skills.


Message History

Aim: Dowan, wielding a +0 dagger and wearing a +0 robe (noxious fumes, moderately wounded, confused, extremely poisoned, 88% to hit)
Okay, then.
Dowan is engulfed in noxious fumes.
Dowan appears confused.
Casting: Sting (safe; 1% risk of failure)
Confirm with . or Enter, or press ? or * to list all spells.
Aiming: Poisonous Vapours (safe; 3% risk of failure)
Press: ? - help, Dir - move target, f/p - Dowan
Aim: Dowan, wielding a +0 dagger and wearing a +0 robe (noxious fumes, heavily wounded, confused, extremely poisoned)
Okay, then.
Duvessa drinks a potion.
Duvessa seems to grow stronger.
Dowan is engulfed in noxious fumes.
Casting: Poisonous Vapours (safe; 3% risk of failure)
Confirm with . or Enter, or press ? or * to list all spells.
Aiming: Mephitic Cloud (dangerous; 9% risk of failure)
Press: ? - help, Shift-Dir - straight line, f/p - Dowan
Aim: Dowan, wielding a +0 dagger and wearing a +0 robe (noxious fumes, heavily wounded, confused, extremely poisoned, chance to affect: 86%)
The ball explodes into a vile cloud!
The stinking cloud engulfs Duvessa but does no damage.
Unknown command.
Dowan is engulfed in noxious fumes.
Dowan appears confused.
Duvessa hits you with a +2 short sword of electrocution!!
You are electrocuted!
Dowan is engulfed in noxious fumes.
Dowan appears confused.
You kill Dowan!
Duvessa screams, "No!
How DARE you!"
Duvessa goes berserk!
Your Spellcasting skill increases to level 6!
Duvessa barely misses you. Duvessa barely misses you.
Duvessa hits you with a +2 short sword of electrocution!
* * * LOW HITPOINT WARNING * * *
Casting: Mephitic Cloud (dangerous; 9% risk of failure)
Confirm with . or Enter, or press ? or * to list all spells.
You can't see any susceptible monsters within range! (Use Z to cast anyway.)
Okay, then.
It was a potion of haste.
You feel yourself speed up.
Duvessa hits you with a +2 short sword of electrocution!
* * * LOW HITPOINT WARNING * * *
Duvessa hits you with a +2 short sword of electrocution!
You die...

#..............###..##
e.....≈≈≈≈≈≈≈≈≈ #..##
......≈# ≈≈##≈##.##
.e....≈## ####≈..##
.O....≈≈# #≈≈#.##
<.....≈≈#∆ +.....#
......≈≈# #≈≈...#
#.....≈## # ##≈.e.#
#.....≈# ≈≈##≈.@.##
#..###≈≈≈≈≈≈≈≈≈....##
#.## #######.......#
..# #.......## .##
#.......# .# #.......#
## ###..##.## # ###
##.# #>#


You could see Duvessa (berserk, strong).

Vanquished Creatures
  Prince Ribbit (D:5)
  An ice beast (D:3)
  A necrophage (D:4)
  An ogre (D:5)
  2 scorpions
  Dowan (D:5)
  2 hounds
  An orc priest (D:3)
  A bullfrog skeleton (D:5)
  4 iguanas
  3 orc wizards
  A hound skeleton (D:4)
  8 adders
  2 ufetubi
  An adder skeleton (D:4)
  A dart slug (D:1)
  12 orcs
  5 endoplasms
  5 giant cockroaches
  2 goblins
  7 hobgoblins
  3 quokkas
  7 ball pythons
  3 bats
  8 frilled lizards
  7 kobolds
  3 rats
93 creatures vanquished.

Vanquished Creatures (others)
  6 plants (D:4)
6 creatures vanquished.

Grand Total: 99 creatures vanquished

Notes
Turn   | Place    | Note
-------+----------+-------------------------------------------
     0 | D:1      | Rickety the Gnoll Venom Mage began the quest for the Orb.
     0 | D:1      | Reached XP level 1. HP: 13/13 MP: 6/6
    92 | D:1      | Found Wepsof's Antique Armour Shoppe.
   417 | D:1      | Reached XP level 2. HP: 15/19 MP: 4/7
   420 | D:1      | Learned a level 2 spell: Poisonous Vapours
   697 | D:1      | Found a faded altar of an unknown god.
   741 | D:1      | Found Sazar's General Store.
   968 | D:1      | Reached XP level 3. HP: 25/25 MP: 6/9
   975 | D:1      | Learned a level 3 spell: Mephitic Cloud
  1071 | D:1      | Reached skill level 5 in Spellcasting
  1514 | D:2      | Reached skill level 1 in Invocations
  2019 | D:2      | Reached skill level 1 in Fighting
  2019 | D:2      | Reached skill level 1 in Short Blades
  2019 | D:2      | Reached skill level 1 in Long Blades
  2019 | D:2      | Reached skill level 1 in Axes
  2019 | D:2      | Reached skill level 1 in Maces & Flails
  2019 | D:2      | Reached skill level 1 in Polearms
  2019 | D:2      | Reached skill level 1 in Staves
  2019 | D:2      | Reached skill level 1 in Slings
  2019 | D:2      | Reached skill level 1 in Bows
  2019 | D:2      | Reached skill level 1 in Crossbows
  2019 | D:2      | Reached skill level 1 in Throwing
  2019 | D:2      | Reached skill level 1 in Armour
  2019 | D:2      | Reached skill level 1 in Shields
  2019 | D:2      | Reached skill level 1 in Unarmed Combat
  2019 | D:2      | Reached skill level 1 in Evocations
  2022 | D:2      | Learned a level 2 spell: Ensorcelled Hibernation
  2050 | D:3      | Noticed an ice beast
  2060 | D:2      | Reached XP level 4. HP: 28/32 MP: 7/11
  2141 | D:3      | Reached skill level 1 in Conjurations
  2141 | D:3      | Reached skill level 1 in Hexes
  2141 | D:3      | Reached skill level 1 in Summonings
  2141 | D:3      | Reached skill level 1 in Necromancy
  2141 | D:3      | Reached skill level 1 in Translocations
  2141 | D:3      | Reached skill level 1 in Fire Magic
  2141 | D:3      | Reached skill level 1 in Ice Magic
  2141 | D:3      | Reached skill level 1 in Air Magic
  2141 | D:3      | Reached skill level 1 in Earth Magic
  2425 | D:3      | Found a white marble altar of Elyvilon.
  2485 | D:3      | Reached XP level 5. HP: 37/37 MP: 8/12
  2551 | D:3      | Killed an ice beast
  2552 | D:3      | Reached XP level 6. HP: 28/44 MP: 1/14
  2746 | D:3      | Found a radiant altar of Vehumet.
  3397 | D:4      | Reached skill level 5 in Dodging
  3988 | D:4      | Noticed a necrophage
  4010 | D:4      | Killed a necrophage
  4011 | D:4      | Reached XP level 7. HP: 13/48 MP: 15/15
  4235 | D:4      | Found an opulent altar of Gozag.
  4308 | D:4      | Learned a level 4 spell: Olgreb's Toxic Radiance
  4853 | D:4      | Reached skill level 5 in Stealth
  5442 | D:5      | Entered Level 5 of the Dungeon
  5658 | D:5      | Noticed Dowan
  5661 | D:5      | Noticed Duvessa
  5876 | D:5      | Reached XP level 8. HP: 49/57 MP: 10/16
  5939 | D:5      | Noticed Prince Ribbit
  5959 | D:5      | Killed Prince Ribbit
  6148 | D:5      | Killed Dowan
  6158 | D:5      | Mangled by Duvessa

Illustrated notes

Levels and vault maps discovered:
D:1:      nicolae_arrival_memento_mori, layout_loops_ring,
          hellmonk_ecumenical_altar_heavens_door, serial_shops,
          nicolae_shop_temple_entry_statues_fountains, shop, nrook_loot_triangle
D:2:      layout_basic, kennysheep_another_room
D:3:      layout_basic, mainiacjoe_overflow_catwalk, old_standard_altar
D:4:      layout_basic, nicolae_gozag_seed_capital, minmay_lizard_king
D:5:      layout_cave_pods, lightli_minifort, uniq_prince_ribbit1, uniq_duvessa

Skill      XL: |  1  2  3  4  5  6  7  8 |
---------------+-------------------------+-----
Transmutations | 2 3 |  3.4
Spellcasting   | 5 6 |  6.0
Invocations    | 1 2 3 |  3.5
Fighting       | 1 2 3 |  3.1
Short Blades   | 1 2 3 |  3.1
Long Blades    | 1 2 3 |  3.1
Axes           | 1 2 3 |  3.1
Maces & Flails | 1 2 3 |  3.1
Polearms       | 1 2 3 |  3.1
Staves         | 1 2 3 |  3.1
Slings         | 1 2 3 |  3.1
Bows           | 1 2 3 |  3.1
Crossbows      | 1 2 3 |  3.1
Throwing       | 1 2 3 |  3.1
Armour         | 1 2 3 |  3.1
Shields        | 1 2 3 |  3.1
Unarmed Combat | 1 2 3 |  3.1
Evocations     | 1 2 3 |  3.1
Conjurations   | 1 2 |  2.5
Hexes          | 1 2 |  2.5
Summonings     | 1 2 |  2.5
Necromancy     | 1 2 |  2.5
Translocations | 1 2 |  2.5
Fire Magic     | 1 2 |  2.5
Ice Magic      | 1 2 |  2.5
Air Magic      | 1 2 |  2.5
Earth Magic    | 1 2 |  2.5
Dodging        | 5 |  5.6
Stealth        | 5 |  5.3
Poison Magic   | 6 |  6.1

Action                   |  1- 3 |  4- 6 |  7- 9 || total
-------------------------+-------+-------+-------++-------
Melee: Dagger            |    32 |    27 |    31 ||    90
       Bite              |     2 |     3 |     9 ||    14
       Flail             |       |    19 |    28 ||    47
 Cast: Sting             |    31 |    44 |    26 ||   101
       Poisonous Vapours |    21 |    42 |    30 ||    93
       Mephitic Cloud    |     1 |     1 |     8 ||    10
  Use: Potion            |       |       |     1 ||     1
 Stab: Sleeping          |     3 |       |     1 ||     4
       Confused          |     1 |       |     3 ||     4
       Distracted        |       |     1 |       ||     1
Armor: Robe              |     5 |     4 |     5 ||    14
Dodge: Dodged            |    34 |    40 |    70 ||   144
